AoeStats
← Dolph

Arabia

505405751Analyzed
1v1 RM · 23d ago on Sep 9, 2026· 60m 13s· 2 players
Game mode
Random Map
Map size
Tiny (2 player)
Population
200
Speed
Normal
Resources
Standard
Victory
Conquest
Starting age
Dark Age
Ending age
Imperial Age
RankedLock teamsTeams togetherTeam positionsShared explorationLock speedFull tech treeHidden civsTurbo modeCheats
Victory
Defeat
🇨🇱 Mongols · Chile
1123
+17
🇧🇪 Inca · Belgium
1136
-17
Dolph
8:49 Feudal Age
11:55 Loom
20:26 Castle Age
24:57 Bloodlines
25:04 Forging
25:42 Scale Mail Armor
25:58 Scale Barding Armor
28:23 Double-Bit Axe
33:02 Chain Barding Armor
34:29 Iron Casting
34:52 Gold Mining
39:21 Fletching
43:21 Bow Saw
45:41 Horse Collar
49:08 Wheelbarrow
53:07 Imperial Age
52:29 Bodkin Arrow
53:18 Padded Archer Armor
54:03 Iron Casting
53:53 Ballistics
53:47 Husbandry
56:15 Bracer
57:06 Conscription
60:05 Chemistry
Arshadox
10:33 Feudal Age
10:38 Champi Runner
12:26 Forging
12:46 Scale Mail Armor
20:10 Arson
21:23 Double-Bit Axe
21:19 Horse Collar
22:59 Wheelbarrow
29:32 Castle Age
30:02 Champi Warrior
30:03 Pikeman
31:32 Iron Casting
31:12 Chain Mail Armor
31:46 Hand Cart
31:53 Bow Saw
33:56 Fletching
34:06 Padded Archer Armor
35:44 Stone Mining
42:18 Gold Mining
46:43 Heavy Plow
52:10 Gold Shaft Mining
55:20 Imperial Age
55:23 Elite Kamayuk
57:07 Fabric Shields
58:17 Plate Mail Armor
57:43 Bodkin Arrow
58:04 Leather Archer Armor
57:41 Elite Skirmisher
58:43 Thumb Ring
59:58 Bracer
Connection lost

Rejoining the realm…

Still unreachable

The connection could not be restored.

Session expired

The server has moved on; the page needs a fresh start.